 Dungeon Crawl Stone Soup version 0.22-a0-283-g1871b15 (webtiles) character file.

37248 Spoonicorn the Bludgeoner (level 13, -11/118 HPs)
             Began as a Minotaur Berserker on Mar 19, 2018.
             Was a High Priest of Trog.
             Killed from afar by an acid blob (17 damage)
             ... with a splash of acid
             ... on level 5 of the Lair of Beasts.
             The game lasted 00:45:05 (12639 turns).

Spoonicorn the Bludgeoner (Minotaur Berserker)     Turns: 12639, Time: 00:45:05

Health: -11/118    AC:  2    Str: 31    XL:     13   Next: 57%
Magic:  0/12       EV: 16    Int:  8    God:    Trog [*****.]
Gold:   1349       SH:  0    Dex: 18    Spells: 12/12 levels left

rFire    + . .     SeeInvis .   E - +2 great mace (flame)
rCold    x . .     Gourm    .   (shield currently unavailable)
rNeg     . . .     Faith    .   C - +0 plate armour
rPois    .         Spirit   +   R - +0 hat
rElec    .         Reflect  .   (no cloak)
rCorr    .         Harm     .   f - +0 pair of gloves
MR       .....                  a - +0 pair of boots
Stlth    ..........             d - amulet of guardian spirit
HPRegen  0.29/turn              s - +4 ring of evasion
MPRegen  0.13/turn              K - ring of Liberalism {Fire Str+5 Int+4 Dex+7}

@: corroded, very slightly contaminated
A: retaliatory headbutt, horns 2
a: Berserk, Trog's Hand, Brothers in Arms, Renounce Religion


You were on level 5 of the Lair of Beasts.
You worshipped Trog.
Trog was extremely pleased with you.
You were not hungry.

You visited 2 branches of the dungeon, and saw 16 of its levels.
You also visited: Ossuary and Volcano.

You collected 1453 gold pieces.
You spent 104 gold pieces at shops.

Inventory:

Hand Weapons
 E - a +2 great mace of flaming (weapon)
 N - a +2 great mace of holy wrath
 U - a +2 morningstar of crushing
Missiles
 y - 5 throwing nets (quivered)
Armour
 a - a +0 pair of boots (worn)
 f - a +0 pair of gloves (worn)
 C - a +0 plate armour (worn)
 R - a +0 hat (worn)
Jewellery
 d - an amulet of guardian spirit (around neck)
 p - an uncursed ring of fire
 s - a +4 ring of evasion (left hand)
 v - an uncursed ring of see invisible
 J - a +3 ring of strength
 K - the ring of Liberalism (right hand) {Fire Str+5 Int+4 Dex+7}
   (You found it on level 4 of the Lair of Beasts)

   [ring of fire]

   It enhances your fire magic.
   It affects your strength (+5).
   It affects your intelligence (+4).
   It affects your dexterity (+7).
   It protects you from fire.
   It makes you vulnerable to cold.
 M - an uncursed ring of positive energy
Wands
 t - a wand of scattershot (6)
 L - a wand of acid (12)
 P - a wand of disintegration (27)
 Q - a wand of polymorph (17)
 T - a wand of flame (15)
Scrolls
 b - 3 scrolls of enchant armour
 e - a scroll of holy word
 g - a scroll of identify
 i - 2 scrolls of enchant weapon
 k - 5 scrolls of fog
 l - 6 scrolls of amnesia
 n - a scroll of blinking
 o - 6 scrolls of remove curse
 q - 9 scrolls of teleportation
 A - 4 scrolls of magic mapping
 F - 3 scrolls of immolation
 S - a scroll of brand weapon {unknown}
Potions
 h - 4 potions of berserk rage
 m - 5 potions of haste
 r - 5 potions of lignification
 u - 5 potions of mutation
 w - 7 potions of curing
 x - 6 potions of flight
 z - 3 potions of heal wounds
 B - a potion of experience
 D - 3 potions of agility
 G - a potion of magic {unknown}
 H - a potion of brilliance {unknown}
 I - 2 potions of ambrosia {unknown}
 O - a potion of invisibility {unknown}
 V - a potion of resistance {unknown}
Comestibles
 c - 26 rations


   Skills:
 + Level 12.2 Fighting
 - Level 20.0 Maces & Flails
 + Level 12.4 Armour
 + Level 5.4 Dodging
 + Level 1.0 Evocations


You had 12 spell levels left.
You didn't know any spells.

Dungeon Overview and Level Annotations

Branches:
Dungeon (11/15)            Temple (0/1) D:4            Lair (5/6) D:10
  Swamp (0/4) Lair:4        Snake (0/4) Lair:2        Slime (0/5) Lair:5
    Orc (0/2) D:10

Altars:
Ashenzari
Cheibriados
Dithmenos
Gozag
Hepliaklqana
Kikubaaqudgha
Makhleb
Qazlal
Ru
Sif Muna
Trog
Wu Jian
Xom
Yredelemnul
The Shining One
Jiyva

Shops:
D:10 !*


Innate Abilities, Weirdness & Mutations

You reflexively headbutt those who attack you in melee.
You have a pair of horns on your head.


Message History

The acid corrodes you!
You are splashed with acid!
The acid burns!
* * * LOW HITPOINT WARNING * * *
The acid blob spits acid at you. The splash of acid hits you!
* * * LOW HITPOINT WARNING * * *
You are splashed with acid!
The acid burns!
* * * LOW HITPOINT WARNING * * *
You feel much better. The acid blob spits acid at you.
The splash of acid hits you!
* * * LOW HITPOINT WARNING * * *
The acid corrodes you!
You are splashed with acid!
The acid burns!
* * * LOW HITPOINT WARNING * * *
Blink to where?
Press: ? - help, Dir - move target cursor You are very lightly contaminated with residual magic.
As you read the scroll of blinking, it crumbles to dust.
The acid blob spits acid at you. The splash of acid hits you!
You die...

#........##...P.'......
##.......##.....#......
#.............##......
#......###.#####......
##....## ### ###+...
##......# #......
#...P..##### ##.#...
##..........######......
#......@....##.........<
##...........#####......
#...........#.>.#......
#........ยง..#...#.^....
##...........#JJ.#......
##...........J##'##......
#P...........J.J.........
##...........###..##.##..
##.P....##.## ##..#.P#.#


You could see 3 acid blobs.

Vanquished Creatures
  Gastronok (Lair:3)
  A red draconian (Volcano)
  Harold (Lair:2)
  4 hydras
  2 two-headed ogres
  6 death yaks (Lair:4)
  The ghost of Demitroll the Spear-Bearer, a novice DrFE of Vehumet (Lair:1)
  A salamander mystic (Volcano)
  An ugly thing (D:9)
  4 salamanders (Volcano)
  A guardian serpent (Lair:2)
  An elephant (Lair:4)
  3 black mambas
  2 molten gargoyles (Volcano)
  A kobold demonologist (D:10)
  8 spiny frogs
  6 komodo dragons
  A polar bear (Lair:3)
  5 hippogriffs
  2 wyverns
  A spriggan (Lair:3)
  A human (D:8)
  7 fire bats (Volcano)
  19 yaks
  Eustachio (D:5)
  A vampire (D:9)
  A hungry ghost (D:9)
  3 basilisks (Lair:3)
  2 steam dragons (D:10)
  A soldier ant (D:11)
  9 water moccasins
  15 porcupines
  A black bear (Lair:3)
  3 orc warriors
  3 ice beasts
  6 ogres
  18 wolves
  A necrophage (D:7)
  A phantom (D:6)
  2 centaurs
  10 crocodiles
  A big kobold (D:11)
  11 bullfrogs
  7 scorpions
  A wyvern skeleton (D:6)
  3 vampire bats (D:7)
  2 howler monkeys (D:9)
  5 lava snakes (Volcano)
  4 crimson imps
  A centaur zombie (D:7)
  A quasit (D:5)
  A human zombie (Ossuary)
  4 jellies
  6 hounds
  A gnoll shaman (D:7)
  6 orc priests
  3 orc wizards
  3 bullfrog skeletons
  A centaur skeleton (D:7)
  5 iguanas
  12 worker ants
  5 hell rats (Lair:5)
  A hound skeleton (D:4)
  A hound zombie (D:6)
  5 mummies
  A howler monkey zombie (D:7)
  9 gnolls
  12 adders
  6 shadow imps
  An ooze (D:6)
  3 adder skeletons
  2 worms (D:6)
  6 leopard geckos
  22 orcs
  4 bat zombies (D:7)
  6 giant cockroaches
  2 gnoll zombies (Ossuary)
  4 goblins
  4 hobgoblins
  13 jackals
  13 kobolds
  A quokka (D:8)
  3 ball pythons
  5 bats
  5 frilled lizards
  A goblin zombie (Ossuary)
  A hobgoblin zombie (D:8)
  3 kobold zombies
  2 orc zombies (Ossuary)
  2 quokka skeletons
  7 rats
386 creatures vanquished.

Vanquished Creatures (collateral kills)
  A hydra (Lair:4)
  4 oklob plants (Lair:4)
  A yak (Lair:4)
  A water moccasin (Lair:4)
  A plant (Lair:4)
8 creatures vanquished.

Vanquished Creatures (others)
  3 fungi
  2 plants
5 creatures vanquished.

Grand Total: 399 creatures vanquished

Notes
Turn   | Place    | Note
-------+----------+-------------------------------------------
     0 | D:1      | Spoonicorn the Minotaur Berserker began the quest for the Orb.
     0 | D:1      | Reached XP level 1. HP: 19/19 MP: 0/0
   129 | D:1      | Reached skill level 4 in Maces & Flails
   143 | D:1      | Reached XP level 2. HP: 22/27 MP: 1/1
   488 | D:2      | Reached XP level 3. HP: 25/33 MP: 2/2
   625 | D:2      | Found a burning altar of Makhleb.
   737 | D:2      | Reached skill level 5 in Maces & Flails
   869 | D:2      | Found a glowing golden altar of the Shining One.
   913 | D:3      | Reached ** piety under Trog
  1041 | D:3      | Found a stormy altar of Qazlal.
  1191 | D:3      | Reached XP level 4. HP: 36/40 MP: 3/3
  1714 | D:4      | Noticed an ogre
  1723 | D:4      | Killed an ogre
  1723 | D:4      | Reached skill level 6 in Maces & Flails
  1723 | D:4      | Reached XP level 5. HP: 28/47 MP: 2/4
  1809 | D:4      | Reached XP level 6. HP: 39/53 MP: 5/5
  1817 | D:4      | Reached skill level 7 in Maces & Flails
  2034 | D:4      | Found a bloodstained altar of Trog.
  2172 | D:4      | Reached *** piety under Trog
  2225 | D:4      | Found a staircase to the Ecumenical Temple.
  2301 | D:5      | Entered Level 5 of the Dungeon
  2301 | D:5      | Noticed Eustachio
  2309 | D:5      | Killed Eustachio
  2309 | D:5      | Reached skill level 5 in Fighting
  2309 | D:5      | Reached skill level 8 in Maces & Flails
  2309 | D:5      | Reached XP level 7. HP: 61/61 MP: 6/6
  2570 | D:5      | Found a shimmering altar of Xom.
  2624 | D:5      | Reached skill level 9 in Maces & Flails
  2799 | D:5      | Reached XP level 8. HP: 59/69 MP: 7/7
  3016 | D:6      | Reached skill level 10 in Maces & Flails
  3021 | D:6      | Reached skill level 5 in Armour
  3023 | D:6      | Noticed a hippogriff
  3035 | D:6      | Killed a hippogriff
  3138 | D:6      | Reached skill level 11 in Maces & Flails
  3199 | D:6      | Reached XP level 9. HP: 72/75 MP: 8/8
  3342 | D:6      | Found a basalt altar of Yredelemnul.
  3507 | D:6      | Reached **** piety under Trog
  3749 | D:6      | Found a sacrificial altar of Ru.
  3777 | D:7      | Reached skill level 12 in Maces & Flails
  4105 | D:7      | Found an ancient bone altar of Kikubaaqudgha.
  4302 | D:7      | Reached skill level 13 in Maces & Flails
  4456 | D:7      | Found a shadowy altar of Dithmenos.
  4525 | D:7      | Found a shattered altar of Ashenzari.
  4792 | D:8      | Found a sand-covered staircase.
  4809 | Ossuary  | Entered an ossuary
  5162 | D:8      | Found a snail-covered altar of Cheibriados.
  5200 | D:8      | Reached ***** piety under Trog
  5638 | D:9      | You fall through a shaft for 2 floors!
  5652 | D:10     | Entered Level 10 of the Dungeon
  5652 | D:10     | Found a staircase to the Lair.
  5654 | D:10     | Noticed a kobold demonologist
  5657 | D:10     | Killed a kobold demonologist
  5657 | D:10     | Reached XP level 10. HP: 86/86 MP: 9/9
  5660 | D:10     | Found a staircase to the Orcish Mines.
  5699 | D:11     | Found an ornate altar of the Wu Jian Council.
  5740 | D:11     | Reached skill level 14 in Maces & Flails
  5930 | D:11     | Noticed a two-headed ogre
  5946 | D:11     | Killed a two-headed ogre
  6180 | D:10     | Noticed a two-headed ogre
  6202 | D:10     | Killed a two-headed ogre
  6203 | D:10     | Received a gift from Trog
  6241 | D:9      | Reached skill level 15 in Maces & Flails
  6339 | D:9      | Found a deep blue altar of Sif Muna.
  6457 | D:9      | Noticed a purple ugly thing
  6467 | D:9      | Killed a purple ugly thing
  6637 | D:9      | Paralysed by fainting for 6 turns
  6697 | D:9      | Found a hazy altar of Hepliaklqana.
  6697 | D:9      | Found an opulent altar of Gozag.
  6766 | D:10     | Found Caad's Serpentskin Sales.
  6885 | D:10     | Found Rudinkur's Distillery.
  6896 | D:10     | Bought a potion of heal wounds for 65 gold pieces
  6896 | D:10     | Bought a potion of curing for 39 gold pieces
  7093 | Lair:1   | Entered Level 1 of the Lair of Beasts
  7103 | Lair:1   | Reached XP level 11. HP: 81/95 MP: 8/10
  7183 | Lair:1   | Noticed Demitroll's ghost (novice DrFE)
  7205 | Lair:1   | Killed Demitroll's ghost
  7445 | Lair:1   | Reached skill level 5 in Dodging
  7445 | Lair:1   | Reached skill level 1 in Evocations
  7810 | Lair:2   | Received a gift from Trog
  7867 | Lair:2   | Found a dark tunnel.
  7876 | Volcano  | Entered a volcano
  7895 | Volcano  | Reached skill level 16 in Maces & Flails
  7989 | Volcano  | Reached skill level 10 in Armour
  8155 | Volcano  | Found a radiant altar of Vehumet.
  8155 | Volcano  | Noticed a salamander mystic
  8165 | Volcano  | Killed a salamander mystic
  8280 | Volcano  | Noticed a red draconian
  8299 | Volcano  | Killed a red draconian
  8299 | Volcano  | Reached skill level 10 in Fighting
  8766 | Lair:2   | Noticed Harold
  8776 | Lair:2   | Killed Harold
  8776 | Lair:2   | Reached skill level 17 in Maces & Flails
  8776 | Lair:2   | Reached XP level 12. HP: 106/106 MP: 11/11
  9402 | Lair:2   | Found a staircase to the Snake Pit.
  9637 | Lair:2   | You fall through a shaft!
  9652 | Lair:3   | Reached skill level 18 in Maces & Flails
  9760 | Lair:3   | Noticed Gastronok
  9777 | Lair:3   | Killed Gastronok
 10482 | Lair:3   | Noticed a four-headed hydra
 10486 | Lair:3   | Killed a four-headed hydra
 10836 | Lair:4   | Noticed a four-headed hydra
 10837 | Lair:4   | Found a staircase to the Swamp.
 10845 | Lair:4   | Killed a four-headed hydra
 10880 | Lair:4   | Reached skill level 19 in Maces & Flails
 10903 | Lair:4   | Noticed a death yak
 10905 | Lair:4   | Noticed a death yak
 10905 | Lair:4   | Noticed a death yak
 10906 | Lair:4   | Noticed a death yak
 10924 | Lair:4   | Killed a death yak
 10924 | Lair:4   | Reached XP level 13. HP: 107/116 MP: 12/12
 11660 | Lair:4   | Got a warped silver ring
 11692 | Lair:4   | Identified the ring of Liberalism {Fire Str+5 Int+4 Dex+7} (You found it on level 4 of the Lair of Beasts)
 11987 | Lair:5   | Found a viscous altar of Jiyva.
 12027 | Lair:5   | Found a runed door.
 12027 | Lair:5   | Found a staircase to the Slime Pits.
 12027 | Lair:5   | Noticed an acid blob
 12027 | Lair:5   | Noticed an acid blob
 12027 | Lair:5   | Noticed an acid blob
 12027 | Lair:5   | Noticed an acid blob
 12056 | Lair:5   | Received a gift from Trog
 12189 | Lair:5   | Reached skill level 20 in Maces & Flails
 12639 | Lair:5   | Killed from afar by an acid blob

Vault maps used:
D:1:      ncdulo_halloftheorcs
D:2:      nicolae_overflow_crystal_walls, lemuel_tele_altar
D:3:      lemuel_coloured_pillars_altar, first_ration
D:4:      kennysheep_mini, minmay_temple_entry_hall
D:5:      st_stairs_13, led_xom_imps, uniq_eustachio
D:6:      old_standard_altar, nicolae_ru_the_path_less_chosen, minivault_19
D:7:      kennysheep_vampire_church, ashenzari_conservatory_becter,
          kennysheep_little_box
D:8:      lemuel_crystal_altar, nicolae_ossuary_entry_giza, grunt_pizzeria
D:9:      minmay_cut_squares, lemuel_round_altar,
          chequers_temple_overflow_statue_of_worship
D:10:     cheibrodos_steamvent, serial_shops, shop_statue, guppyfry_shop_venom
D:11:     basic_altar, grunt_qazlal_clouds, uniq_urug
Lair:1:   beast_lair_carwin_3, grunt_megastairs_2, lemuel_fruit_fields
Lair:2:   minmay_snake_entry_spellcaster, lightli_volcano_entry_magma_tube,
          grunt_megastairs_5, lemuel_fruit_tree, uniq_harold
Lair:3:   st_stairs_13, grunt_forest_stairs_clearing, uniq_gastronok
Lair:4:   minmay_swamp_entry_reptiles, fungi_pond_lemuel,
          minmay_lair_oklob_chamber
Lair:5:   slime_altar_2
Ossuary:  ossuary_crypta
Volcano:  volcano_grotto

Skill      XL: |  1  2  3  4  5  6  7  8  9 10 11 12 13 |
---------------+----------------------------------------+-----
Maces & Flails | 4 5 6 8 9 11 13 15 17 19 20 | 20.0
Fighting       | 4 5 6 7 8 10 11 12 | 12.2
Armour         | 3 4 5 6 9 10 11 12 | 12.4
Dodging        | 3 4 5 |  5.4
Evocations     | 1 |  1.0

Action                   |  1- 3 |  4- 6 |  7- 9 | 10-12 | 13-15 || total
-------------------------+-------+-------+-------+-------+-------++-------
Melee: Mace              |    82 |    93 |    80 |    48 |       ||   303
       Headbutt          |     7 |    17 |    70 |   103 |    29 ||   226
       Dire flail        |       |       |   306 |   205 |       ||   511
       Great mace        |       |       |       |   255 |   126 ||   381
Invok: Berserk           |       |     1 |     2 |     5 |     1 ||     9
       Brothers in Arms  |       |       |       |       |     2 ||     2
       Trog's Hand       |       |       |       |       |     1 ||     1
Evoke: Wand              |       |       |       |     4 |       ||     4
  Use: Scroll            |       |       |    14 |     5 |     7 ||    26
       Potion            |       |       |       |       |     2 ||     2
  Eat: Chunk             |     1 |     4 |    12 |    18 |     7 ||    42
       Ration            |       |       |       |     2 |       ||     2
Armor: Animal skin       |    19 |       |       |       |       ||    19
       Ring mail         |     3 |    19 |    22 |       |       ||    44
       Plate armour      |       |       |   111 |   255 |    56 ||   422
Dodge: Dodged            |    66 |    79 |   246 |   378 |   104 ||   873

Table legend:
 A = Spawn XP
 B = Non-spawn XP
 C = Spawn XP percentage of total XP
 D = Spawn monster count
 E = Non-spawn monster count
 F = Spawn count percentage of total count
 G = Total turns spent on level
                    A         B        C        D         E        F      G
               +---------+---------+-------+---------+---------+-------+---------
         Total |       0 |   53212 |   0.0 |       0 |     393 |   0.0 | 12639
               +---------+---------+-------+---------+---------+-------+---------
           D:1 |       0 |      32 |   0.0 |       0 |      18 |   0.0 |   452
           D:2 |       0 |      50 |   0.0 |       0 |      11 |   0.0 |   460
           D:3 |       0 |      73 |   0.0 |       0 |      15 |   0.0 |   793
           D:4 |       0 |     539 |   0.0 |       0 |      28 |   0.0 |   596
           D:5 |       0 |    1016 |   0.0 |       0 |      20 |   0.0 |   705
           D:6 |       0 |    1543 |   0.0 |       0 |      40 |   0.0 |   763
           D:7 |       0 |    1509 |   0.0 |       0 |      41 |   0.0 |   870
           D:8 |       0 |     322 |   0.0 |       0 |      11 |   0.0 |   726
           D:9 |       0 |    1524 |   0.0 |       0 |      14 |   0.0 |   531
          D:10 |       0 |    2828 |   0.0 |       0 |      24 |   0.0 |   401
          D:11 |       0 |    1406 |   0.0 |       0 |       8 |   0.0 |   534
        Lair:1 |       0 |    3721 |   0.0 |       0 |      18 |   0.0 |   710
        Lair:2 |       0 |    6565 |   0.0 |       0 |      28 |   0.0 |  1214
        Lair:3 |       0 |    7721 |   0.0 |       0 |      28 |   0.0 |  1199
        Lair:4 |       0 |   13654 |   0.0 |       0 |      35 |   0.0 |  1077
        Lair:5 |       0 |    4188 |   0.0 |       0 |      22 |   0.0 |   726
       Ossuary |       0 |     124 |   0.0 |       0 |      12 |   0.0 |   262
       Volcano |       0 |    6397 |   0.0 |       0 |      20 |   0.0 |   620
               +---------+---------+-------+---------+---------+-------+---------
